 Dungeon Crawl Stone Soup version 0.29.0-4-gdea44cf6ec (webtiles) character file.

Game seed: 8172038647729635456

1481 tizbic2 the Cudgeller (level 8, -6/79 HPs)
             Began as an Ogre Air Elementalist on Aug 27, 2022.
             Was a Priest of Wu Jian.
             Succumbed to a water moccasin's poison
             ... on level 8 of the Dungeon.
             The game lasted 00:33:48 (7520 turns).

tizbic2 the Cudgeller (Ogre Air Elementalist)       Turns: 7520, Time: 00:33:48

Health: -6/79      AC:  5    Str: 13    XL:     8   Next: 79%
Magic:  17/22      EV: 10    Int: 18    God:    Wu Jian [***...]
Gold:   310        SH:  0    Dex: 15    Spells: 5/14 levels left

rFire   . . .      SeeInvis .   a - +9 giant spiked club of Acumyed {flame, MP+9}
rCold   . . .      Faith    .   (shield currently unavailable)
rNeg    + . .      Spirit   .   r - +2 robe
rPois   .          Reflect  .   (helmet restricted)
rElec   .          Harm     .   (no cloak)
rCorr   .          Rampage  .   (gloves unavailable)
Will    .....                   (boots unavailable)
Stlth   +.........              (no amulet)
HPRegen 0.23/turn               u - +6 ring of dexterity
MPRegen 0.18/turn               x - ring of positive energy

@: confused, lethally poisoned (-6 -> -61), ambrosia-drunk
A: large, unfitting armour, tough skin 1
a: Renounce Religion, Wall Jump, Serpent's Lash


You were on level 8 of the Dungeon.
You worshipped Wu Jian.
Wu Jian was most pleased with you.
You visited 2 branches of the dungeon, and saw 10 of its levels.

You collected 338 gold pieces.
You spent 28 gold pieces at shops.

Inventory:

Hand Weapons
 a - the +9 giant spiked club of Acumyed (weapon) {flame, MP+9}
   (You acquired it on level 4 of the Dungeon)

   It burns those it strikes, dealing additional fire damage.
   MP:        It affects your magic capacity (+9).
 n - a +3 dagger of venom
 y - a +1 dire flail of holy wrath
Missiles
 c - 6 atropa-tipped darts
 q - 9 boomerangs (quivered)
 t - 9 poisoned darts
Armour
 r - a +2 robe (worn)
Magical Staves
 w - a staff of air
Jewellery
 u - a +6 ring of dexterity (left hand)
 x - a ring of positive energy (right hand)
Wands
 v - a wand of flame (19)
 B - a wand of quicksilver (3)
 C - a wand of charming (7)
Scrolls
 d - a scroll of noise
 g - 3 scrolls of teleportation
 h - 2 scrolls of fog
 k - 2 scrolls of enchant armour
 l - a scroll of silence
 m - a scroll of fear
 o - a scroll of blinking
 D - 3 scrolls of summoning
 E - a scroll of magic mapping
 F - a scroll of identify
Potions
 b - 2 potions of magic
 e - a potion of lignification
 f - a potion of attraction {unknown}
 i - 2 potions of curing {unknown}
 j - a potion of resistance {unknown}
 p - 3 potions of brilliance {unknown}
 s - a potion of heal wounds {unknown}
 z - 3 potions of haste {unknown}


   Skills:
 - Level 4.8 Fighting
 * Level 7.3 Maces & Flails
 - Level 0.5(5.0) Staves
 - Level 1.7 Dodging
 - Level 1.4 Stealth
 - Level 0.1 Unarmed Combat
 - Level 3.9 Spellcasting
 - Level 0.8 Conjurations
 - Level 1.3 Transmutations
 - Level 4.5 Air Magic
 - Level 0.8 Evocations


You had 5 spell levels left.
You knew the following spells:

 Your Spells              Type           Power      Damage    Failure   Level
a - Shock                 Conj/Air       52%        1d6       4%          1
b - Static Discharge      Conj/Air       13%        3-5/arc   8%          2
c - Airstrike             Air            10%        2d(2-18)  22%         4
d - Poisonous Vapours     Pois/Air       22%        N/A       9%          2

Your spell library contained the following spells:

 Spells                   Type           Power      Damage    Failure   Level
 Swiftness                Air            20%        N/A       7%          3
 Foxfire                  Conj/Fire      20%        2x1d5     12%         1
 Conjure Flame            Conj/Fire      5%         6-21      36%         3
 Gell's Gravitas          Tloc           3%         N/A       41%         3
 Inner Flame              Hex/Fire       3%         N/A       41%         3
 Summon Guardian Golem    Hex/Summ       3%         N/A       41%         3
 Teleport Other           Tloc           3%         N/A       41%         3
 Corpse Rot               Necr/Pois/Air  9%         N/A       61%         4
 Flame Wave               Conj/Fire      5%         2d5       77%         4
 Animate Armour           Summ/Erth      6%         N/A       83%         4
 Cause Fear               Hex            1%         N/A       83%         4
 Blade Hands              Tmut           4%         N/A       94%         5
 Alistair's Intoxication  Tmut/Pois      3%         N/A       97%         5
 Borgnjor's Vile Clutch   Necr/Erth      1%         N/A       99%         5
 Dispersal                Tloc           1%         N/A       100%        6
 Eringya's Noxious Bog    Tmut/Pois      2%         N/A       100%        6
 Iron Shot                Conj/Erth      2%         9d2       100%        6
 Orb of Destruction       Conj           3%         9d5       100%        7
 Spellforged Servitor     Conj/Summ      2%         N/A       100%        7
 Discord                  Hex            1%         N/A       100%        8


Dungeon Overview and Level Annotations

Branches:
Dungeon (9/15)             Temple (1/1) D:6            Lair (0/5) D:8
    Orc: D:9-12

Altars:
Nemelex Xobeh
Sif Muna
Uskayaw
Wu Jian

Shops:
D:2 ?   D:4 :

Annotations:
D:9 3 runed translucent doors, turdburglar's ghost, novice GnBr


Innate Abilities, Weirdness & Mutations

You are too large for most types of armour.
You have tough skin. (AC +1)


Message History

The water moccasin is lightly wounded.
The water moccasin closely misses you. The water moccasin bites you.
You are poisoned.
The water moccasin poisons you!
You closely miss the water moccasin.
The water moccasin is lightly wounded.
You feel very sick. The water moccasin misses you.
The water moccasin bites you.
You miss the water moccasin.
The water moccasin is lightly wounded.
You feel very sick. The water moccasin bites you.
You are more poisoned.
The water moccasin poisons you! The water moccasin barely misses you.
You miss the water moccasin.
The water moccasin is lightly wounded.
You feel extremely sick. The water moccasin closely misses you.
The water moccasin bites you.
You are more poisoned.
The water moccasin poisons you!
You miss the water moccasin.
The water moccasin is lightly wounded.
You feel extremely sick. The water moccasin bites you. x2
* * * LOW HITPOINT WARNING * * *
You completely miss the water moccasin.
The water moccasin is lightly wounded.
* * * LOW HITPOINT WARNING * * *
You feel extremely sick. The water moccasin bites you!
* * * LOW HITPOINT WARNING * * *
You are more poisoned.
The water moccasin poisons you! The water moccasin bites you.
* * * LOW HITPOINT WARNING * * *
You are more poisoned.
The water moccasin poisons you!
It was a potion of ambrosia.
You are confused.
You feel invigorated.
You die...

...#...>#......
..#....#......
########'#....#######
#.................###
#.................'..
#.................#..
##.......>.........##.
#.....##'##########.#.
+.)..@'...# ##.
#....S#..## ##
#.....#### # #.....#
#.....# +.....#
#.....# ....###


You could see a water moccasin.

Vanquished Creatures
  An ice beast (D:7)
  A centaur (D:6)
  A phantom (D:5)
  2 kobold brigands
  2 bullfrogs (D:7)
  7 scorpions
  2 howler monkeys
  A jelly (D:5)
  4 hounds
  An iguana (D:6)
  3 orc wizards
  7 adders
  2 river rats (D:4)
  A white imp (D:7)
  An ufetubus (D:5)
  6 worms
  5 dart slugs
  18 orcs
  4 endoplasms
  4 giant cockroaches
  10 goblins
  8 hobgoblins
  3 jackals (D:4)
  14 kobolds
  4 quokkas
  9 ball pythons
  3 bats
  11 frilled lizards
  9 rats
  A butterfly (D:6)
145 creatures vanquished.

Notes
Turn   | Place    | Note
-------+----------+-------------------------------------------
     0 | D:1      | tizbic2 the Ogre Air Elementalist began the quest for the
                  | Orb.
     0 | D:1      | Reached XP level 1. HP: 16/16 MP: 3/3
   102 | D:1      | Reached skill level 1 in Fighting
   118 | D:1      | Reached XP level 2. HP: 22/27 MP: 3/5
   121 | D:1      | Found a faded altar of an unknown god.
   506 | D:1      | Reached XP level 3. HP: 23/35 MP: 7/7
   828 | D:1      | Prayed at the altar of an unknown god.
   828 | D:1      | Became a worshipper of the Wu Jian Council
   828 | D:1      | Reached * piety under Wu Jian
  1037 | D:1      | Learned a level 2 spell: Static Discharge
  1374 | D:2      | Reached XP level 4. HP: 27/44 MP: 1/8
  1598 | D:2      | Found Oguz's Magic Scroll Shoppe.
  1612 | D:2      | Bought a scroll of identify for 28 gold pieces
  2057 | D:3      | Learned a level 4 spell: Airstrike
  2175 | D:3      | Reached ** piety under Wu Jian
  2736 | D:4      | Found Kiowep's Vocational Training.
  2748 | D:4      | Reached XP level 5. HP: 35/53 MP: 0/9
  2966 | D:4      | Reached skill level 1 in Maces & Flails
  2966 | D:4      | Reached skill level 1 in Transmutations
  2966 | D:4      | Reached XP level 6. HP: 36/62 MP: 5/11
  3926 | D:4      | Identified 2 scrolls of acquirement
  3926 | D:4      | Acquired a staff of air
  3931 | D:4      | Acquired the +9 giant spiked club of Acumyed {flame, MP+9}
  4240 | D:5      | Entered Level 5 of the Dungeon
  4267 | D:5      | Reached *** piety under Wu Jian
  4268 | D:5      | Reached XP level 7. HP: 18/71 MP: 12/12
  4597 | D:5      | Reached skill level 2 in Maces & Flails
  5026 | D:5      | Reached skill level 3 in Maces & Flails
  5553 | D:6      | Reached skill level 4 in Maces & Flails
  5571 | D:6      | Reached XP level 8. HP: 61/79 MP: 13/13
  5577 | D:6      | Reached skill level 5 in Maces & Flails
  5975 | D:6      | Found a staircase to the Ecumenical Temple.
  6109 | D:6      | Found a shimmering blue altar of Sif Muna.
  6187 | D:6      | Learned a level 2 spell: Poisonous Vapours
  6290 | Temple   | Entered the Ecumenical Temple
  6373 | D:7      | Reached skill level 6 in Maces & Flails
  6608 | D:7      | Found a sparkling altar of Nemelex Xobeh.
  6608 | D:7      | Found a hide-covered altar of Uskayaw.
  6608 | D:7      | You fall into a shaft and drop 2 floors!
  6632 | D:9      | Noticed a slime creature
  6635 | D:9      | Found a runed translucent gate.
  6636 | D:9      | Found a runed translucent gate.
  6636 | D:9      | Noticed a cane toad
  6636 | D:9      | Noticed a yak
  6637 | D:9      | Found a runed translucent gate.
  6637 | D:9      | Noticed turdburglar's ghost (novice GnBr)
  6665 | D:9      | Reached skill level 7 in Maces & Flails
  7273 | D:8      | Found a staircase to the Lair.
  7519 | D:8      | HP: 3/79 [water moccasin (8)]
  7519 | D:8      | HP: 1/79 [water moccasin (2)]
  7520 | D:8      | Succumbed to a water moccasin's poison

Illustrated notes

Levels and vault maps discovered:
D:1:      ncdulo_watergridlock, layout_loops_ring,
          nicolae_ecumenical_snake_handling, roderic_roman_lattice,
          minmay_lizard_pond
D:2:      layout_rooms, serial_shops, shop, chequers_serial_rivers_room_b,
          hangedman_decor_peaks_small, chequers_jeans
D:3:      layout_basic, st_stairs_14
D:4:      layout_loops_ring, portal_sewer_entry_e, hangedman_decor_growths,
          st_stairs_1, nicolae_shop_vocational
D:5:      layout_loops_cross, st_stairs_14
D:6:      layout_cave_pools, mainiacjoe_overflow_alcove_1,
          minmay_temple_entry_butterflies, kennysheep_cluttered_room,
          nicolae_figureground_pulse
D:7:      layout_loops_ring, grunt_temple_overflow_open
D:8:      kennysheep_ambush_hall, layout_gridville,
          mainiacjoe_overflow_two_lobes, lair_entry_dummy,
          kennysheep_cross_bottleneck
D:9:      layout_loops_ring, gammafunk_ghost_split, serial_shops,
          nicolae_take_the_stairs, minmay_misc_feat_secret_circle,
          fungi_pond_lemuel
Temple:   nicolae_temple_superstar

Skill      XL: |  1  2  3  4  5  6  7  8 |
---------------+-------------------------+-----
Fighting       | 1 2 3 4 |  4.8
Air Magic      | 3 4 |  4.5
Spellcasting   | 3 |  3.9
Maces & Flails | 1 4 7 |  7.3
Transmutations | 1 |  1.3
Staves         | |  0.5
Dodging        | |  1.7
Stealth        | |  1.4
Unarmed Combat | |  0.1
Conjurations   | |  0.8
Evocations     | |  0.8

Action                   |  1- 3 |  4- 6 |  7- 9 || total
-------------------------+-------+-------+-------++-------
Melee: Unarmed           |     5 |       |       ||     5
       Mace              |    64 |    11 |       ||    75
       Dagger            |     8 |    81 |       ||    89
       Punch             |     1 |       |       ||     1
       Giant spiked club |       |     7 |    58 ||    65
       Staff             |       |       |    17 ||    17
Throw: Boomerang         |       |     6 |       ||     6
 Cast: Shock             |    39 |    46 |    25 ||   110
       Static Discharge  |     1 |    22 |     8 ||    31
       Airstrike         |       |     1 |     1 ||     2
       Poisonous Vapours |       |       |     1 ||     1
Invok: Whirlwind         |     2 |     9 |     1 ||    12
       Lunge             |     2 |     4 |     5 ||    11
       Serpent's Lash    |       |       |     1 ||     1
 Abil: Wall Jump         |       |     2 |     4 ||     6
  Use: Scroll            |       |     8 |     8 ||    16
       Potion            |       |       |     1 ||     1
 Stab: Sleeping          |     1 |     2 |     2 ||     5
Armor: Robe              |    30 |    27 |    19 ||    76
Dodge: Dodged            |    41 |    50 |    48 ||   139
